3L
PANAMA CITY PIRANHAS @ BROOKLYN DODGERS
08/01/2039
 
TOP OF THE 1ST
Panama City Piranhas batting - Pitching for Brooklyn Dodgers : RHP Elroy Thompkins
Pitching: RHP Elroy Thompkins
Batting: SHB Tom Dickinson 0-0: Ground out U3 (Groundball, 34, EV 101.9 MPH)
Batting: RHB Kieran Hansen 0-0: Ball
1-0: Ball
2-0: Ground out 3-1 (Groundball, 34, EV 83.8 MPH)
Batting: RHB António Mendoza 0-0: Ball
1-0: Ball
2-0: Ball
3-0: Called Strike
3-1: Base on Balls
Batting: SHB Ben Boston 0-0: Swinging Strike
0-1: Ball
1-1: Ball
2-1: Ground out 1-3 (Groundball, 13, EV 91.9 MPH)
Top of the 1st over - 0 runs, 0 hits, 0 errors, 1 left on base; Panama City 0 - Brooklyn 0
BOTTOM OF THE 1ST
Brooklyn Dodgers batting - Pitching for Panama City Piranhas : RHP Román Mejía
Pitching: RHP Román Mejía
Batting: LHB Tony Wonder 0-0: Ball
1-0: Fly out, F7 (Flyball, 7D, EV 103.8 MPH)
Batting: LHB Hugh Hill 0-0: Foul Ball, location: 2F
0-1: Foul Ball, location: 2F
0-2: Ground out 1-3 (Groundball, 25, EV 85.0 MPH)
Batting: RHB Bill Chaundler 0-0: Called Strike
0-1: SINGLE (Flyball, 34D, EV 88.1 MPH)
Batting: LHB Count Dante 0-0: Called Strike
0-1: Ball
1-1: Foul Ball, location: 2F
1-2: Ball
2-2: Ball
3-2: Ground out 6-3 (Groundball, 6, EV 82.5 MPH)
Bottom of the 1st over - 0 runs, 1 hit, 0 errors, 1 left on base; Panama City 0 - Brooklyn 0
TOP OF THE 2ND
Panama City Piranhas batting - Pitching for Brooklyn Dodgers : RHP Elroy Thompkins
Batting: LHB José Ocasio 0-0: Ball
1-0: Ball
2-0: Foul Ball, location: 2F
2-1: Ground out 4-3 (Groundball, 4, EV 83.8 MPH)
Batting: RHB Craig Tricket 0-0: Ball
1-0: Ball
2-0: Ball
3-0: Called Strike
3-1: Called Strike
3-2: Strikes out swinging, 2-3 out at first.
Batting: RHB Silvio Bonauiti 0-0: Ball
1-0: Ball
2-0: Foul Ball, location: 2F
2-1: Swinging Strike
2-2: Foul Ball, location: 2F
2-2: Ball
3-2: Fly out, F9 (Line Drive, 9D, EV 96.9 MPH)
Top of the 2nd over - 0 runs, 0 hits, 0 errors, 0 left on base; Panama City 0 - Brooklyn 0
BOTTOM OF THE 2ND
Brooklyn Dodgers batting - Pitching for Panama City Piranhas : RHP Román Mejía
Batting: RHB Carlos Muñóz 0-0: Ball
1-0: Ball
2-0: Ball
3-0: Called Strike
3-1: Foul Ball, location: 2F
3-2: Base on Balls
Batting: SHB Peer van Lochem 0-0: Swinging Strike
0-1: Swinging Strike
0-2: Strikes out swinging
Batting: RHB Phil Sherman 0-0: Ball
1-0: Ball
2-0: Ball
3-0: Called Strike
3-1: Swinging Strike
3-2: Base on Balls
Carlos Muñóz to second
Batting: SHB Alvin Peterson 0-0: SINGLE (Groundball, 34S, EV 87.5 MPH) (infield hit)
Carlos Muñóz to third
Phil Sherman to second
Batting: RHB Quindarious Monday 0-0: Foul Ball, location: 2F
0-1: Hit by Pitch
Carlos Muñóz scores
Phil Sherman to third
Alvin Peterson to second
Batting: LHB Tony Wonder 0-0: Ball
1-0: Ball
2-0: Fly out, F7 (Flyball, 78M, EV 82.5 MPH)
Runner from 3rd tags up, SCORES, throw by LF
Batting: LHB Hugh Hill 0-0: Called Strike
0-1: Foul Ball, location: 2F
0-2: Ball
1-2: Ball
2-2: Fielders Choice at 2nd, 6-4 (Groundball, 6, EV 111.2 MPH)
Bottom of the 2nd over - 2 runs, 1 hit, 0 errors, 2 left on base; Panama City 0 - Brooklyn 2
TOP OF THE 3RD
Panama City Piranhas batting - Pitching for Brooklyn Dodgers : RHP Elroy Thompkins
Batting: RHB Bruno Williams 0-0: Ball
1-0: Foul Ball, location: 2F
1-1: Foul Ball, location: 2F
1-2: Strikes out swinging
Batting: RHB Chrysler Rodriguez 0-0: Called Strike
0-1: Ball
1-1: Ball
2-1: Ball
3-1: Swinging Strike
3-2: Foul Ball, location: 2LF, Error on foul ball, E2
3-2: Ground out 6-3 (Groundball, 6, EV 98.1 MPH)
Batting: SHB Tom Dickinson 0-0: Called Strike
0-1: SINGLE (Line Drive, 8LS, EV 108.1 MPH)
Batting: RHB Kieran Hansen 0-0: Ball
1-0: Ground out U3 (Groundball, 34S, EV 75.6 MPH)
Top of the 3rd over - 0 runs, 1 hit, 1 error, 1 left on base; Panama City 0 - Brooklyn 2
BOTTOM OF THE 3RD
Brooklyn Dodgers batting - Pitching for Panama City Piranhas : RHP Román Mejía
Batting: RHB Bill Chaundler 0-0: Ball
1-0: Fly out, F7 (Flyball, 7LS, EV 92.5 MPH)
Batting: LHB Count Dante 0-0: SOLO HOME RUN (Flyball, 9LD, EV 88.1 MPH), Distance : 342 ft
Batting: RHB Carlos Muñóz 0-0: Called Strike
0-1: Ball
1-1: Ball
2-1: Foul Ball, location: 2F
2-2: Fly out, F8 (Flyball, 89M, EV 93.8 MPH)
Batting: SHB Peer van Lochem 0-0: Ball
1-0: Swinging Strike
1-1: Ball
2-1: Ball
3-1: Called Strike
3-2: Base on Balls
Batting: RHB Phil Sherman 0-0: Ball
1-0: Fly out, F6 (Line Drive, 6, EV 66.9 MPH)
Bottom of the 3rd over - 1 run, 1 hit, 0 errors, 1 left on base; Panama City 0 - Brooklyn 3
TOP OF THE 4TH
Panama City Piranhas batting - Pitching for Brooklyn Dodgers : RHP Elroy Thompkins
Batting: RHB António Mendoza 0-0: Called Strike
0-1: Ground out 6-3 (Groundball, 6, EV 92.5 MPH)
Batting: SHB Ben Boston 0-0: Ball
1-0: Ball
2-0: Ball
3-0: Base on Balls
Batting: LHB José Ocasio 0-0: Ball
1-0: Foul Ball, location: 2F
1-1: Ball
2-1: Ball
3-1: Base on Balls
Ben Boston to second
Batting: RHB Craig Tricket 0-0: Foul Ball, location: 2F
0-1: Foul Ball, location: 2F
0-2: Strikes out swinging
Batting: RHB Silvio Bonauiti 0-0: Ball
1-0: Fielders Choice at 2nd, 5-4 (Groundball, 56, EV 83.8 MPH)
Top of the 4th over - 0 runs, 0 hits, 0 errors, 2 left on base; Panama City 0 - Brooklyn 3
BOTTOM OF THE 4TH
Brooklyn Dodgers batting - Pitching for Panama City Piranhas : RHP Román Mejía
Batting: SHB Alvin Peterson 0-0: Fly out, F7 (Flyball, 7D, EV 78.8 MPH)
Batting: RHB Quindarious Monday 0-0: Ball
1-0: Ball
2-0: Called Strike
2-1: Ball
3-1: Called Strike
3-2: Fly out, F9 (Line Drive, 9, EV 101.9 MPH)
Batting: LHB Tony Wonder 0-0: Ball
1-0: Fly out, F7 (Flyball, 7LSF, EV 92.5 MPH)
Bottom of the 4th over - 0 runs, 0 hits, 0 errors, 0 left on base; Panama City 0 - Brooklyn 3
TOP OF THE 5TH
Panama City Piranhas batting - Pitching for Brooklyn Dodgers : RHP Elroy Thompkins
Batting: RHB Bruno Williams 0-0: Ground out 1-3 (Groundball, 13, EV 64.4 MPH)
Batting: RHB Chrysler Rodriguez 0-0: Ball
1-0: Ball
2-0: Ground out 4-3 (Groundball, 4, EV 84.4 MPH)
Batting: SHB Tom Dickinson 0-0: Ball
1-0: Foul Ball, location: 2F
1-1: Ball
2-1: Ground out 1-3 (Groundball, P, EV 86.2 MPH)
Top of the 5th over - 0 runs, 0 hits, 0 errors, 0 left on base; Panama City 0 - Brooklyn 3
BOTTOM OF THE 5TH
Brooklyn Dodgers batting - Pitching for Panama City Piranhas : RHP Román Mejía
Batting: LHB Hugh Hill 0-0: Ball
1-0: Ball
2-0: Fly out, F7 (Flyball, 7S, EV 95.0 MPH)
Batting: RHB Bill Chaundler 0-0: Ball
1-0: SINGLE (Flyball, 9LS, EV 90.6 MPH)
Batting: LHB Count Dante 0-0: Ball
1-0: Called Strike
1-1: Ball
2-1: Swinging Strike
2-2: Ball
3-2: Strikes out looking
Batting: RHB Carlos Muñóz 0-0: Called Strike
0-1: Foul Ball, location: 2F
0-2: Ball
1-2: Ball
2-2: SINGLE (Flyball, 78S, EV 94.4 MPH)
Bill Chaundler to second
Batting: SHB Peer van Lochem 0-0: Ball
1-0: Ground out 4-3 (Groundball, 4, EV 80.0 MPH)
Bottom of the 5th over - 0 runs, 2 hits, 0 errors, 2 left on base; Panama City 0 - Brooklyn 3
TOP OF THE 6TH
Panama City Piranhas batting - Pitching for Brooklyn Dodgers : RHP Elroy Thompkins
Batting: RHB Kieran Hansen 0-0: Ball
1-0: Called Strike
1-1: Fly out, F3 (Line Drive, 3, EV 70.6 MPH)
Batting: RHB António Mendoza 0-0: Ball
1-0: Called Strike
1-1: Ball
2-1: Foul Ball, location: 2F
2-2: Strikes out looking
Batting: SHB Ben Boston 0-0: Called Strike
0-1: Swinging Strike
0-2: Hit by Pitch
Batting: LHB José Ocasio 0-0: Ball
1-0: Called Strike
1-1: Foul Ball, location: 2F
1-2: Ball
2-2: Strikes out swinging
Top of the 6th over - 0 runs, 0 hits, 0 errors, 1 left on base; Panama City 0 - Brooklyn 3
BOTTOM OF THE 6TH
Brooklyn Dodgers batting - Pitching for Panama City Piranhas : RHP Román Mejía
Batting: RHB Phil Sherman 0-0: Ball
1-0: Foul Ball, location: 2F
1-1: Ball
2-1: Fly out, F8 (Flyball, 8RD, EV 94.4 MPH)
Batting: SHB Alvin Peterson 0-0: Called Strike
0-1: Called Strike
0-2: Strikes out swinging
Batting: RHB Quindarious Monday 0-0: Ball
1-0: Called Strike
1-1: Ball
2-1: Ground out 4-3 (Groundball, 4MS, EV 62.5 MPH)
Bottom of the 6th over - 0 runs, 0 hits, 0 errors, 0 left on base; Panama City 0 - Brooklyn 3
TOP OF THE 7TH
Panama City Piranhas batting - Pitching for Brooklyn Dodgers : RHP Elroy Thompkins
Batting: RHB Craig Tricket 0-0: Called Strike
0-1: Called Strike
0-2: Foul Ball, location: 2F
0-2: Foul Ball, location: 2F
0-2: Foul Ball, location: 2F
0-2: Ball
1-2: Fly out, F8 (Flyball, 8RD, EV 96.9 MPH)
Batting: RHB Silvio Bonauiti 0-0: Ball
1-0: Called Strike
1-1: Foul Ball, location: 2F
1-2: Ball
2-2: Ball
3-2: Ground out 5-3 (Groundball, 56, EV 94.4 MPH)
Batting: RHB Bruno Williams 0-0: Called Strike
0-1: Foul Ball, location: 2F
0-2: Ball
1-2: Foul Ball, location: 2F
1-2: Hit by Pitch
Batting: RHB Chrysler Rodriguez 0-0: Called Strike
0-1: Ball
1-1: Ball
2-1: Fly out, F8 (Flyball, 78S, EV 87.5 MPH)
Top of the 7th over - 0 runs, 0 hits, 0 errors, 1 left on base; Panama City 0 - Brooklyn 3
BOTTOM OF THE 7TH
Brooklyn Dodgers batting - Pitching for Panama City Piranhas : RHP Román Mejía
Batting: LHB Tony Wonder 0-0: Called Strike
0-1: SINGLE (Groundball, 34D, EV 105.0 MPH)
Batting: LHB Hugh Hill 0-0: Ball
1-0: Sac Bunt to 13 - play at first, batter OUT! 1-4
Tony Wonder to second
Batting: RHB Bill Chaundler 0-0: Ball
1-0: Called Strike
1-1: Called Strike
1-2: Foul Ball, location: 2F
1-2: Ball
2-2: Fly out, F8 (Line Drive, 8RM, EV 93.1 MPH)
Pitching: RHP Carlos Salcido
Batting: LHB Count Dante 0-0: Called Strike
Tony Wonder is caught stealing 3rd base 2-5
Bottom of the 7th over - 0 runs, 1 hit, 0 errors, 0 left on base; Panama City 0 - Brooklyn 3
TOP OF THE 8TH
Panama City Piranhas batting - Pitching for Brooklyn Dodgers : RHP Elroy Thompkins
Pitching: LHP Shinzo Kumagai
Batting: SHB Tom Dickinson 0-0: Foul Ball, location: 2F
0-1: Foul Ball, location: 2F
0-2: Ball
1-2: Foul Ball, location: 2F
1-2: Foul Ball, location: 2F
1-2: Foul Ball, location: 2F
1-2: Ground out 4-3 (Groundball, 4S, EV 85.0 MPH)
Batting: RHB Kieran Hansen 0-0: Foul Ball, location: 2F
0-1: Ball
1-1: Ball
2-1: Fly out, F9 (Line Drive, 9, EV 98.8 MPH)
Batting: RHB António Mendoza 0-0: Called Strike
0-1: Ball
1-1: Ground out 5-3 (Groundball, 5L, EV 101.9 MPH)
Top of the 8th over - 0 runs, 0 hits, 0 errors, 0 left on base; Panama City 0 - Brooklyn 3
BOTTOM OF THE 8TH
Brooklyn Dodgers batting - Pitching for Panama City Piranhas : RHP Carlos Salcido
Batting: LHB Count Dante 0-0: Ball
1-0: Swinging Strike
1-1: Foul Ball, location: 2F
1-2: Foul Ball, location: 2F
1-2: SINGLE (Groundball, 4MD, EV 103.1 MPH)
Batting: RHB Carlos Muñóz 0-0: Called Strike
0-1: Ball
1-1: Foul Ball, location: 2F
1-2: Ball
2-2: Foul Ball, location: 2F
2-2: Strikes out looking
Batting: SHB Peer van Lochem 0-0: Ball
1-0: Called Strike
1-1: Swinging Strike
1-2: Strikes out swinging
Batting: RHB Phil Sherman 0-0: Foul Ball, location: 2F
0-1: Ball
1-1: Swinging Strike
1-2: Ball
2-2: Ball
3-2: Foul Ball, location: 2F
3-2: Fly out, F7 (Flyball, 7S, EV 87.5 MPH)
Bottom of the 8th over - 0 runs, 1 hit, 0 errors, 1 left on base; Panama City 0 - Brooklyn 3
TOP OF THE 9TH
Panama City Piranhas batting - Pitching for Brooklyn Dodgers : LHP Shinzo Kumagai
Pitching: RHP Harrison Tuff
Batting: SHB Ben Boston 0-0: Ball
1-0: Foul Ball, location: 2F
1-1: Foul Ball, location: 2F
1-2: Strikes out swinging
Batting: LHB José Ocasio 0-0: Foul Ball, location: 2F
0-1: Ball
1-1: Called Strike
1-2: Ball
2-2: Foul Ball, location: 2F
2-2: Ball
3-2: Base on Balls
Batting: RHB Craig Tricket 0-0: Fielders Choice at 2nd, 3-6 (Groundball, 34, EV 86.2 MPH)
Batting: RHB Silvio Bonauiti 0-0: Ball
1-0: Swinging Strike
1-1: Ball
2-1: Ball
3-1: Called Strike
3-2: Strikes out looking
Top of the 9th over - 0 runs, 0 hits, 0 errors, 1 left on base; Panama City 0 - Brooklyn 3
Wednesday, July 8th, 2020 - OOTP Baseball 20.8 Build 74